[Event "*** SCC Grand Prix: Titled Tuesday Blitz"]
[Site "Chess.com"]
[Date "2020.10.06"]
[Round "7"]
[White "SamuelGhimpu2003"]
[Black "Witik"]
[Result "0-1"]
[WhiteElo "2521"]
[BlackElo "2706"]
[TimeControl "180+1"]
[EndTime "11:19:21 PDT"]
[Termination "Witik won by resignation"]

1. d4 d5 2. Nc3 Nf6 3. Bf4 g6 4. e3 Bg7 5. h4 h5 6. Nf3 O-O 7.
Ne5 c5 8. Qf3 cxd4 9. exd4 Nc6 10. O-O-O Bf5 11. Qe3 Rc8 12. Kb1 Nb4 13. Rc1 Qa5 14. a3 Nxc2 15. Rxc2 Bxc2+ 16. Kxc2 Ne4 17. Kb3 Rxc3+ 18. bxc3 Rc8 19. c4 Bxe5 20. dxe5 Rc6 21. Rh3 Rb6+ 22. Ka2 Qa4 23. Qd3 Nxf2 24. Qc3 Qd1 25.
Bd3 Nxh3 26. gxh3 dxc4 27. Qxc4 Rc6 28. Qe4 Rb6 29. e6 Qb3+ 0-1

[Event "*** SCC Grand Prix: Titled Tuesday Blitz"]
[Site "Chess.com"]
[Date "2020.10.06"]
[Round "7"]
[White "Nikolaj_6"]
[Black "Xeniya2005"]
[Result "1-0"]
[WhiteElo "2541"]
[BlackElo "2386"]
[TimeControl "180+1"]
[EndTime "11:19:21 PDT"]
[Termination "Nikolaj_6 won on time"]

1. d4 Nf6 2. Bf4 d5 3. e3 c5 4. c3 Nc6 5. Nd2 Qb6 6. Qb3 c4 7. Qc2 g6 8. Ngf3 Bf5 9. Qc1 Bg7 10.
Be2 h6 11. b3 cxb3 12. axb3 O-O 13. O-O Rac8 14. Qa3 a6 15. Rfc1 Qd8 16. c4 e6 17.
h3 Ne4 18. Nxe4 dxe4 19. Ne5 Nxe5 20. dxe5 g5 21. Rd1 Qc7 22. Bg3 Bxe5 23. Bxe5 Qxe5 24.
Rd6 Rc7 25. Rad1 Qf6 26. Qa5 Qe7 27. Qe5 f6 28. Qd4 Kg7 29. Bg4 Bxg4 30. hxg4 Qf7 31. Qxe4 Re8 32. Qd4 Ree7 33. c5 h5 34. b4 hxg4 35.
Qxg4 a5 36. f4 axb4 37. fxg5 f5 38. Qh4 Qg6 39. Qxb4 Qxg5 40. Qd4+ e5 41. Qc3 b5 42. c6 Rf7 43. Qxe5+ Kh7 44. Kf2 1-0

[Event "*** SCC Grand Prix: Titled Tuesday Blitz"]
[Site "Chess.com"]
[Date "2020.10.06"]
[Round "7"]
[White "Ladislav1969"]
[Black "HanSchut"]
[Result "0-1"]
[WhiteElo "2353"]
[BlackElo "2257"]
[TimeControl "180+1"]
[EndTime "11:19:21 PDT"]
[Termination "HanSchut won on time"]

1. e4 c5 2. d4 cxd4 3. c3 g6 4. cxd4 d5 5. Nc3 dxe4 6. Bc4 Nc6 7. Qb3 e6 8. Nge2 a6 9. Nxe4 Na5 10. Qc3 Nxc4 11.
Qxc4 b5 12. Qc6+ Bd7 13. Nd6+ Bxd6 14. Qxd6 Qe7 15. Qg3 Qb4+ 16. Bd2 Qxb2 17. Bc3 Qa3 18. d5 f6 19. dxe6 Bxe6 20. Qc7 Rc8 21. Qb6 Kf7 22.
O-O Ne7 23. Nf4 Bc4 24. Qxf6+ Ke8 25. Rfe1 Rf8 26. Qe5 Qc5 27. Bd4 Qxe5 28. Bxe5 Kf7 29. Rad1 Rfd8 30. Rxd8 Rxd8 31. a3 a5 32. h4 Nd5 33.
Nxd5 Rxd5 34. Bc7 b4 35. axb4 axb4 36. Rb1 Rb5 0-1

[Event "*** SCC Grand Prix: Titled Tuesday Blitz"]
[Site "Chess.com"]
[Date "2020.10.06"]
[Round "7"]
[White "AliKa2810"]
[Black "PavelShkapenko"]
[Result "0-1"]
[WhiteElo "2566"]
[BlackElo "2727"]
[TimeControl "180+1"]
[EndTime "11:19:23 PDT"]
[Termination "PavelShkapenko won by resignation"]

1. d4 Nf6 2. c4 e6 3. Nf3 Bb4+ 4.
Nbd2 d5 5. Qa4+ Nc6 6. e3 a5 7. a3 Be7 8. c5 Bd7 9. Bb5 O-O 10. O-O Nb8 11. Bxd7 Qxd7 12. Qxd7 Nbxd7 13. b3 c6 14.
Bb2 b5 15. b4 Ra7 16. Nb3 a4 17. Na5 Rc8 18. Ne5 Nxe5 19. dxe5 Nd7 20. Bd4 Bd8 21. Rab1 Bxa5 22. bxa5 Rxa5 23. f4 Re8 24. Kf2 f6 25. exf6 Nxf6 26. Bxf6 gxf6 27. g4 Ra7 28. Kf3 Rg7 29. h4 h6 30. Rg1 Kf7 31. f5 exf5 32. gxf5 Reg8 33. Rxg7+ Rxg7 34. Rd1 Ke7 35. e4 dxe4+ 36.
Kxe4 Rg4+ 37. Kf3 Rc4 38. Rg1 Rxc5 39. Rg7+ Kf8 40. Rh7 Rxf5+ 41. Kg4 Rd5 42. Rc7 c5 43. Kf4 b4 44. Ke4 Re5+ 45. Kd3 bxa3 46. Kc4 a2 47. h5 a1=Q 48. Rc8+ Ke7 49. Rc7+ Kd6 50. Rc6+ Kxc6 0-1

[Event "*** SCC Grand Prix: Titled Tuesday Blitz"]
[Site "Chess.com"]
[Date "2020.10.06"]
[Round "7"]
[White "Omk124"]
[Black "Sanyura"]
[Result "1-0"]
[WhiteElo "2482"]
[BlackElo "2532"]
[TimeControl "180+1"]
[EndTime "11:19:23 PDT"]
[Termination "Omk124 won by checkmate"]

1. e4 c5 2. Nf3 e6 3. d4 cxd4 4. Nxd4 Nc6 5. Nc3 a6 6. g3 d6 7. Bg2 Bd7 8. O-O Nf6 9. Be3 Be7 10. Nxc6 Bxc6 11. h3 O-O 12. Qd3 Qc7 13. Rad1 b5 14.
a3 Rfd8 15. Rfe1 h6 16. f4 d5 17. e5 d4 18. Bxd4 Bc5 19. Qe3 Bxg2 20. Bxc5 Nd5 21. Nxd5 Rxd5 22. b4 Rxd1 23. Rxd1 Bxh3 24. Qf3 Rd8 25.
Rd6 Rxd6 26. exd6 Qd8 27. g4 Qh4 28. d7 Bxg4 29. Qa8+ Kh7 30. d8=Q Qe1+ 31. Kh2 f6 32. Qd3+ Bf5 33. Qdf3 Qh4+ 34. Kg1 Qe1+ 35. Qf1 Qd2 36. Qag2 Qc3 37. Qff3 Qa1+ 38. Kh2 Qc1 39. Qfg3 g5 40.
fxg5 hxg5 41. Qc7+ Kg6 42. Bf8 Bd3 43. Qg7+ Kh5 44.
Qh3# 1-0

[Event "*** SCC Grand Prix: Titled Tuesday Blitz"]
[Site "Chess.com"]
[Date "2020.10.06"]
[Round "7"]
[White "NikolaGry"]
[Black "kuban1991"]
[Result "1-0"]
[WhiteElo "2632"]
[BlackElo "2801"]
[TimeControl "180+1"]
[EndTime "11:19:24 PDT"]
[Termination "NikolaGry won on time"]

1. d4 g6 2. c4 Bg7 3. Nc3 c5 4. Nf3 cxd4 5. Nxd4 Nc6 6. e3 Nf6 7. Be2 O-O 8. O-O d5 9. cxd5 Nxd5 10. Nxd5 Qxd5 11. Bf3 Qc5 12. Bxc6 bxc6 13. Qa4 Rb8 14. Bd2 Rxb2 15. Rfc1 Qd6 16. Bc3 Rb6 17. h3 Ra6 18. Qc4 Qd5 19. Bb4 Bf6 20. Rab1 Qxc4 21. Rxc4 Bd7 22.
a3 Rb8 23. Rbc1 Rbb6 24. Bc5 Rb2 25. Bb4 Kg7 26. Nxc6 Be6 27. Rc5 h5 28. Nd4 Bxd4 29.
exd4 Re2 30. d5 Bf5 31. Rc7 Kf6 32. R1c6+ Rxc6 33. Rxc6+ e6 34. d6 Rb2 35. Bc3+ 1-0

[Event "*** SCC Grand Prix: Titled Tuesday Blitz"]
[Site "Chess.com"]
[Date "2020.10.06"]
[Round "7"]
[White "Korchmar_Vasiliy"]
[Black "Abdimalik_Abdisalimov"]
[Result "0-1"]
[WhiteElo "2575"]
[BlackElo "2748"]
[TimeControl "180+1"]
[EndTime "11:19:24 PDT"]
[Termination "Abdimalik_Abdisalimov won by resignation"]

1. d4 Nf6 2. Nf3 g6 3. Bg5 Bg7 4. Nbd2 d5 5. e3 O-O 6. Be2 Nbd7 7. O-O Re8 8. Ne5 c5 9. c3 Nxe5 10. dxe5 Nd7 11. f4 f6 12. Bh4 fxe5 13. f5 gxf5 14. Rxf5 Nf8 15. Rf2 Ng6 16. Bg3 e4 17. Qb3 c4 18. Qa3 Bd7 19. h4 Qb6 20. h5 Ne5 21. h6 Qxh6 22. Bf4 Qg6 23. Raf1 Ng4 24. Bxg4 Bxg4 25.
Qc5 Qc6 26. Qa3 b6 27. Bg5 Qc5 28. Qa4 h6 29. Bf4 e5 30. Bh2 Qxe3 31. Qc6 Be6 32. Kh1 Qc5 33. Qb7 Qc8 34. Rf7 Qxb7 35. Rxb7 Rf8 36. Re1 Rf7 37. Rxf7 Kxf7 38. Nf1 b5 39. Ng3 Kg6 40. Nf1 a5 41. Ne3 b4 42. Bg3 d4 43.
Ng4 Bxg4 44. Re2 Bxe2 45. Bf4 exf4 46. g3 f3 0-1

[Event "*** SCC Grand Prix: Titled Tuesday Blitz"]
[Site "Chess.com"]
[Date "2020.10.06"]
[Round "7"]
[White "DanielDardha2005"]
[Black "juancruzarias"]
[Result "1-0"]
[WhiteElo "2687"]
[BlackElo "2501"]
[TimeControl "180+1"]
[EndTime "11:19:26 PDT"]
[Termination "DanielDardha2005 won by resignation"]

1. d4 Nf6 2. c4 c5 3. d5 e5 4. Nc3 d6 5. e4 Nbd7 6. g3 Be7 7. Bg2 O-O 8. Nf3 Ne8 9. O-O Nc7 10. Ne1 Rb8 11. a4 b6 12. f4 a6 13. Nd3 Bf6 14.
f5 Bg5 15. h4 Bxc1 16. Qxc1 b5 17. b3 bxc4 18. bxc4 Nb6 19. a5 Nd7 20. Qd2 Nf6 21. Bf3 Nce8 22. g4 Kh8 23. g5 Ng8 24. Kf2 g6 25. f6 Nexf6 26. gxf6 Nxf6 27. h5 Ng4+ 28. Bxg4 Bxg4 29. hxg6 fxg6+ 30. Kg3 Bh5 31. Qh6 Qe7 32.
Rab1 Rg8 33. Na4 Rxb1 34. Rxb1 Qd7 35. Nf2 Qe7 36. Nh3 Qf7 37. Qe3 Rf8 38. Ng5 Qd7 39.
Ne6 Rf3+ 40. Qxf3 1-0

[Event "*** SCC Grand Prix: Titled Tuesday Blitz"]
[Site "Chess.com"]
[Date "2020.10.06"]
[Round "7"]
[White "FMJoseHerrera"]
[Black "Teo2000"]
[Result "1-0"]
[WhiteElo "2551"]
[BlackElo "2409"]
[TimeControl "180+1"]
[EndTime "11:19:26 PDT"]
[Termination "FMJoseHerrera won by resignation"]

1. Nf3 d6 2. g3 Bg4 3. Bg2 Nd7 4. d3 e5 5. Nc3 Ngf6 6. O-O c6 7. Bg5 Be7 8. h3 Bh5 9. e4 Qc7 10. Qd2 h6 11.
Be3 d5 12. exd5 cxd5 13. d4 Bxf3 14. Bxf3 e4 15. Bg2 O-O 16. Rae1 a6 17. a3 Bd6 18. g4 Nb6 19. Bxh6 gxh6 20. Qxh6 Nh7 21. f4 Rae8 22.
f5 f6 23. h4 Qg7 24. Qg6 Bg3 25. Re3 Bxh4 26. Rh3 Bg5 27. Rxh7 Qxg6 28. fxg6 Be3+ 29. Kh2 Bxd4 30. Rxb7 Rc8 31. Rd1 Rc7 32. Rxc7 Be5+ 33.
Kg1 Bxc7 34. Nxd5 Nxd5 35. Rxd5 Bb6+ 36. Kf1 e3 37. Rd7 e2+ 38. Kxe2 Re8+ 39. Kd2 Rd8 40. Bd5+ Kf8 41. g7+ Ke8 42. g8=Q+ 1-0

[Event "*** SCC Grand Prix: Titled Tuesday Blitz"]
[Site "Chess.com"]
[Date "2020.10.06"]
[Round "7"]
[White "Supernotar"]
[Black "ChessWarrior7197"]
[Result "0-1"]
[WhiteElo "2801"]
[BlackElo "3008"]
[TimeControl "180+1"]
[EndTime "11:19:27 PDT"]
[Termination "ChessWarrior7197 won by checkmate"]

1. d4 d5 2. c4 e6 3. Nf3 c5 4. dxc5 Bxc5 5. e3 Nf6 6. a3 O-O 7. b4 Be7 8. Bb2 Nbd7 9. Nbd2 a5 10. b5 b6 11. Be2 Bb7 12. O-O Rc8 13. Rc1 Nc5 14.
Qc2 Nfe4 15. Rfd1 Bf6 16. cxd5 Bxd5 17. Bxf6 Qxf6 18. Nxe4 Bxe4 19. Qc3 Qxc3 20. Rxc3 Na4 21. Rxc8 Rxc8 22. Rd4 Nc3 23. Kf1 Bxf3 24. gxf3 Kf8 25. Rd6 Na4 26. Rd7 Rc3 27. f4 Rxa3 28. Bf3 Rb3 29. Bc6 Nc5 30. Rd8+ Ke7 31. Rb8 a4 32. Ra8 a3 33. Ra7+ Kf6 34. Kg1 g5 35. fxg5+ Kxg5 36. Kg2 f5 37. Rxh7 a2 38. Ra7 Rb2 39. Kg3 Nb3 40.
h4+ Kh6 41. Be8 a1=Q 42. Re7 Qg1+ 43. Kf3 Qxf2# 0-1

[Event "*** SCC Grand Prix: Titled Tuesday Blitz"]
[Site "Chess.com"]
[Date "2020.10.06"]
[Round "7"]
[White "chessfrendz"]
[Black "ViktoriyaTarasova"]
[Result "1-0"]
[WhiteElo "2386"]
[BlackElo "2263"]
[TimeControl "180+1"]
[EndTime "11:19:27 PDT"]
[Termination "chessfrendz won by resignation"]

1. d4 Nf6 2. Nf3 e6 3. e3 b6 4. Bd3 Bb7 5. O-O d5 6. b3 Bd6 7.
Bb2 Nbd7 8. Nbd2 O-O 9. Ne5 Ne4 10. Nxd7 Qxd7 11. f3 Nxd2 12. Qxd2 f5 13. Qf2 c5 14. Rad1 Rac8 15. c4 cxd4 16. exd4 Rf6 17. Rfe1 Rh6 18. g3 Rf8 19. Bc1 Rg6 20. Kf1 Ba6 21. Qe2 Rgf6 22. f4 Bb7 23. Bb2 Qc6 24. Qg2 Qc8 25. Qf2 Bb4 26.
Re2 dxc4 27. bxc4 Rh6 28. a3 Be7 29. d5 Bc5 30. Bd4 Bxd4 31. Qxd4 exd5 32. cxd5 Rd6 33. Bc4 Qd7 34. Re6 Rd8 35. Rxd6 Qxd6 36. Rd3 a6 37. Qe5 b5 38. Bb3 g6 39. Ke1 Qc5 40. d6+ Kf8 41. Qxc5 1-0

[Event "*** SCC Grand Prix: Titled Tuesday Blitz"]
[Site "Chess.com"]
[Date "2020.10.06"]
[Round "7"]
[White "GustavoJuarezF"]
[Black "Vadim_Biliy"]
[Result "0-1"]
[WhiteElo "2026"]
[BlackElo "2299"]
[TimeControl "180+1"]
[EndTime "11:19:27 PDT"]
[Termination "Vadim_Biliy won on time"]

1. e4 d6 2. d4 Nf6 3. Nc3 g6 4. f4 Bg7 5. Nf3 O-O 6. e5 dxe5 7. fxe5 Nd5 8. Bc4 c6 9. O-O Na6 10. Nxd5 cxd5 11. Bb3 Bg4 12. c3 Nc7 13. h3 Bxf3 14.
Qxf3 f6 15. exf6 Rxf6 16. Qe2 Rxf1+ 17. Qxf1 Qd7 18. Bf4 Rf8 19. Qc1 Ne8 20. Bh6 Qf5 21.
Be3 Nd6 22. Qc2 e6 23. Re1 Ne4 24. Qd1 h5 25. Bc2 h4 26. Qg4 Qxg4 27. hxg4 Nf6 28. Bg5 Nxg4 29. Bxh4 e5 30. dxe5 Nxe5 31. Bg3 Nc4 32.
Bxg6 Nxb2 33. Re7 Bxc3 34. Rxb7 Bd4+ 35. Kh2 Nc4 36. Bh7+ Kh8 37. Bd3 Ne5 38. Bc2 Kg8 0-1

[Event "*** SCC Grand Prix: Titled Tuesday Blitz"]
[Site "Chess.com"]
[Date "2020.10.06"]
[Round "7"]
[White "venus02"]
[Black "ftorodent"]
[Result "0-1"]
[WhiteElo "2493"]
[BlackElo "2680"]
[TimeControl "180+1"]
[EndTime "11:19:29 PDT"]
[Termination "ftorodent won by resignation"]

1. e4 e6 2. d4 d5 3. Nd2 Nf6 4. e5 Ne4 5. Nxe4 dxe4 6. Bc4 a6 7. Ne2 b5 8. Bb3 Bb7 9. O-O c5 10. c3 Nc6 11. Be3 cxd4 12. Nxd4 Nxd4 13. Bxd4 Be7 14. Qe2 O-O 15. Bc2 Qd5 16. Rfe1 b4 17. Bxe4 Qxe4 18. Qxe4 Bxe4 19. Rxe4 Rfd8 20. c4 a5 21. g4 a4 22. Bb6 Rd2 23. Rb1 Rc8 24. c5 Bxc5 25. Bxc5 Rxc5 26. Rxb4 g5 27. Rxa4 Rxe5 28. Rb4 Ree2 29. Rf1 Rxb2 30. Rxb2 Rxb2 31. Ra1 Rb4 32. h3 Ra4 33. Kf1 f5 34. Ke2 Ra3 35. f3 Kg7 36. Kd2 h5 37. Kc2 h4 38. Kb2 Rxf3 39. a4 Rxh3 40. a5 Rd3 41. gxf5 exf5 42. a6 Rd8 43. a7 Ra8 44. Kc3 h3 45. Kd4 h2 46. Ke5 Kg6 47. Ra6+ Kh5 48. Ra1 0-1

[Event "*** SCC Grand Prix: Titled Tuesday Blitz"]
[Site "Chess.com"]
[Date "2020.10.06"]
[Round "7"]
[White "W_Amadeus"]
[Black "sergeikim"]
[Result "0-1"]
[WhiteElo "2688"]
[BlackElo "2543"]
[TimeControl "180+1"]
[EndTime "11:19:29 PDT"]
[Termination "sergeikim won on time"]

1. d4 Nf6 2. Nf3 g6 3. c4 Bg7 4. Nc3 d6 5. e4 O-O 6. Be2 e5 7. O-O exd4 8. Nxd4 Re8 9. f3 Nbd7 10. Be3 c6 11.
Qd2 a5 12. Rfd1 a4 13. Nc2 Re6 14. Kh1 Qc7 15. Rac1 Qa5 16. Nd4 Re8 17. Nc2 Re6 18. Bf4 Ne5 19. Ne3 Nfd7 20. Bg3 Nc5 21. Bf1 h6 22. f4 Ned7 23. e5 dxe5 24. f5 Re8 25. fxg6 fxg6 26. Ng4 Kh7 27. Qe3 e4 28. Ne2 Nf8 29. Nf2 Bf5 30. Nd4 Bc8 31. h3 Nfd7 32. Bd6 Nf6 33. Ne2 b6 34. Ng3 Qb4 35. Rb1 Ba6 36. Rdc1 Rad8 37. Bf4 Nd3 38. Nxd3 exd3 39. Qd2 Qxd2 40. Bxd2 h5 41. Kh2 h4 42. Nh1 Ne4 43. Bf4 g5 44. Be3 Ng3 0-1

[Event "*** SCC Grand Prix: Titled Tuesday Blitz"]
[Site "Chess.com"]
[Date "2020.10.06"]
[Round "7"]
[White "catzapto"]
[Black "SharapovEvgeny"]
[Result "0-1"]
[WhiteElo "2166"]
[BlackElo "2475"]
[TimeControl "180+1"]
[EndTime "11:19:29 PDT"]
[Termination "SharapovEvgeny won by resignation"]

1. e4 c5 2. Nf3 d6 3. c3 Nf6 4. Be2 Nc6 5. d4 cxd4 6. cxd4 d5 7. e5 Ne4 8. Nc3 Nxc3 9. bxc3 Bg4 10. O-O e6 11. h3 Bxf3 12. Bxf3 Be7 13. Rb1 Qd7 14.
Qb3 b6 15. Qb5 Na5 16. Qxd7+ Kxd7 17. Bd2 Rhc8 18. Be2 Nc4 19. Bxc4 Rxc4 20. f4 g6 21. g4 f5 22. exf6 Bxf6 23. f5 gxf5 24. gxf5 e5 25.
dxe5 Bxe5 26. f6 Rf8 27. f7 Ke6 28. Rbe1 Re4 29. c4 Rxe1 30. Rxe1 Rxf7 31. Bc3 Rf5 32. cxd5+ Kxd5 33. Rd1+ Kc6 34. Rc1 Bd6 35. Kg2 Rc5 36.
Bd2 Rxc1 37. Bxc1 Kd5 38. Kf3 b5 39. Kg4 Be5 40. Kh5 Bg7 41. Bh6 Bxh6 42. Kxh6 b4 43. h4 Ke6 44. Kxh7 Kf7 45. Kh6 a5 46. Kg5 a4 47.
Kf4 b3 48. axb3 axb3 49. Ke3 b2 50. h5 b1=Q 51. h6 Kg6 52. Kd4 Kxh6 53. Ke5 Kg6 54. Ke6 Qe4+ 0-1

[Event "*** SCC Grand Prix: Titled Tuesday Blitz"]
[Site "Chess.com"]
[Date "2020.10.06"]
[Round "7"]
[White "Borsuk_Konstantin"]
[Black "Shuvalov"]
[Result "1-0"]
[WhiteElo "2557"]
[BlackElo "2416"]
[TimeControl "180+1"]
[EndTime "11:19:30 PDT"]
[Termination "Borsuk_Konstantin won on time"]

1. d4 d5 2. c4 c6 3. Nf3 Nf6 4. Nc3 dxc4 5. Ne5 b5 6. e3 Qb6 7. a4 Bb7 8. axb5 cxb5 9. b3 Nbd7 10. Nxd7 Nxd7 11. bxc4 bxc4 12. Rb1 Qc7 13. Ba3 e6 14. Bxf8 Kxf8 15. Qa4 Nb6 16. Qb4+ Qe7 17. Qa5 f6 18. Nb5 Be4 19. Rc1 Kf7 20. f3 Bb7 21.
Be2 Rhc8 22. Nxa7 Rxa7 23. Qxa7 Qc7 24. Qa5 Ra8 25. Qc5 Qd8 26. Rb1 Ra6 27. Bxc4 Bd5 28. Bxa6 Na4 29. Qb4 e5 30. Qxa4 exd4 31. e4 Be6 32. O-O Qd6 33. Rfd1 Kg6 34. Bb7 d3 35. Qb4 Qd7 36. Qd2 Bc4 37. Qe3 h6 38. Bd5 1-0

[Event "*** SCC Grand Prix: Titled Tuesday Blitz"]
[Site "Chess.com"]
[Date "2020.10.06"]
[Round "7"]
[White "zubridis"]
[Black "Stalri"]
[Result "1-0"]
[WhiteElo "2476"]
[BlackElo "2155"]
[TimeControl "180+1"]
[EndTime "11:19:31 PDT"]
[Termination "zubridis won by resignation"]

1. e4 c5 2. d4 cxd4 3. c3 dxc3 4. Nxc3 d6 5. Nf3 Nc6 6. Bc4 e6 7. O-O Nge7 8. Bg5 h6 9. Nb5 hxg5 10. Nxd6+ Qxd6 11.
Qxd6 g4 12. Ne1 Ng6 13. Qg3 e5 14. Nd3 Bd6 15. Rad1 Nd4 16. Qe3 Bd7 17. Rfe1 f6 18. Rd2 Nh4 19. Red1 Nhf3+ 20. gxf3 Nxf3+ 21. Kf1 Rxh2 22. Ne1 Rh1+ 23. Ke2 Ng1+ 24. Kd3 Rc8 25. Kc3 Rh3 26. f3 Nxf3 27. Rxd6 Nd4 28. Qxh3 gxh3 29. Kd3 Ke7 30.
Rxd4 exd4 31. Nc2 Bg4 32. Rg1 h2 33. Rh1 Rh8 34. Nxd4 g5 35. Ke3 Bd7 36. Bd5 g4 37. Kf4 Rh3 38. Nf5+ Bxf5 39. exf5 g3 40. Kg4 Rh8 41.
Kxg3 Kd6 42. Be6 Ke5 43. Rxh2 Rd8 44. Re2+ 1-0

[Event "*** SCC Grand Prix: Titled Tuesday Blitz"]
[Site "Chess.com"]
[Date "2020.10.06"]
[Round "7"]
[White "Manukyan_Artak"]
[Black "vrekhson"]
[Result "0-1"]
[WhiteElo "2293"]
[BlackElo "2214"]
[TimeControl "180+1"]
[EndTime "11:19:31 PDT"]
[Termination "vrekhson won by resignation"]

1. e4 c5 2. Nf3 a6 3. c3 e6 4. d4 d5 5. e5 Bd7 6. a3 Bb5 7. c4 dxc4 8. Nc3 cxd4 9. Nxd4 Nc6 10. Ndxb5 axb5 11. Qxd8+ Rxd8 12. Nxb5 Nxe5 13. Bf4 Nd3+ 14. Bxd3 Rxd3 15. Rd1 Rxd1+ 16. Kxd1 Nf6 17. Kc2 Nd5 18. Be3 Nxe3+ 19. fxe3 Bc5 20. e4 Ke7 21. Rd1 Rc8 22. a4 Bb6 23. h3 Rc6 24. e5 f6 25. exf6+ gxf6 26. Re1 e5 27. Re4 Ba5 28. Na3 Ke6 29. Rxc4 Kd5 30. Rxc6 Kxc6 31. Nc4 Be1 32. Ne3 Kc5 33.
Kd3 Bf2 34. Ng4 Bh4 35. b3 Kd5 36. Ne3+ Kc5 37. Nf5 Bg5 38. Kc3 e4 39. b4+ Kd5 40.
Ne7+ Ke5 41. g4 Kf4 42. Kd2 Kf3+ 43. Ke1 Bh4+ 44. Kf1 e3 45. Nf5 e2+ 0-1

[Event "*** SCC Grand Prix: Titled Tuesday Blitz"]
[Site "Chess.com"]
[Date "2020.10.06"]
[Round "7"]
[White "Obito24"]
[Black "andresgv36"]
[Result "1-0"]
[WhiteElo "2557"]
[BlackElo "2414"]
[TimeControl "180+1"]
[EndTime "11:19:32 PDT"]
[Termination "Obito24 won on time"]

1. d4 Nf6 2. Nf3 g6 3. b3 Bg7 4. Bb2 O-O 5. Nbd2 d6 6. e3 Nbd7 7. Be2 Re8 8. O-O e5 9. dxe5 dxe5 10. Nc4 e4 11. Nfe5 Qe7 12. a4 Rd8 13. Qc1 Nf8 14. h3 h5 15. a5 a6 16. Bc3 Ne8 17. Qb2 f6 18. Nxg6 Nxg6 19. Bxh5 Nh4 20. Rad1 Be6 21. Nd2 f5 22. Be5 Bxe5 23. Qxe5 Qf6 24. Qf4 Nd6 25. c4 Ng6 26. Qh6 Bf7 27. c5 Nb5 28. Nc4 Rxd1 29.
Rxd1 Qg7 30. Qg5 Nc3 31. Rd7 Ne5 32. Bxf7+ Nxf7 33. Qxf5 Ne2+ 34. Kf1 Rf8 35. Kxe2 Qa1 36. Qg6+ Kh8 37. Rxf7 Qa2+ 38. Nd2 1-0

[Event "*** SCC Grand Prix: Titled Tuesday Blitz"]
[Site "Chess.com"]
[Date "2020.10.06"]
[Round "7"]
[White "WiktoriaPOL"]
[Black "dominikaf"]
[Result "0-1"]
[WhiteElo "2049"]
[BlackElo "2266"]
[TimeControl "180+1"]
[EndTime "11:19:33 PDT"]
[Termination "dominikaf won on time"]

1. c4 Nf6 2. Nc3 g6 3. g3 Bg7 4. Bg2 O-O 5. e4 d6 6. Nge2 c5 7. O-O Nc6 8. d3 Bg4 9. h3 Bxe2 10. Nxe2 a6 11. a4 Rb8 12. Be3 b5 13. axb5 axb5 14. f4 Qc7 15. cxb5 Rxb5 16. Qd2 Rfb8 17. Ra2 Nd7 18.
Nc3 Rb3 19. Qc2 Nd4 20. Qd2 e6 21. Rfa1 Nb5 22. Nxb5 R3xb5 23. Ra7 R8b7 24. Rxb7 Rxb7 25. e5 Rb3 26. Ra8+ Nf8 27. d4 cxd4 28. Bxd4 dxe5 29. fxe5 Bxe5 30. Bxe5 Qxe5 31. Qh6 Qe1+ 32. Kh2 Qxg3+ 33. Kg1 Qd6 34. Qg5 Rd3 35. Ra7 Rd1+ 36. Bf1 Qd4+ 37. Kg2 Qxa7 0-1

[Event "*** SCC Grand Prix: Titled Tuesday Blitz"]
[Site "Chess.com"]
[Date "2020.10.06"]
[Round "7"]
[White "Sashadav97"]
[Black "banane_verte"]
[Result "1-0"]
[WhiteElo "2605"]
[BlackElo "2453"]
[TimeControl "180+1"]
[EndTime "11:19:34 PDT"]
[Termination "Sashadav97 won by checkmate"]

1. d4 Nf6 2. c4 e6 3. Nc3 Bb4 4.
a3 Bxc3+ 5. bxc3 b6 6. e3 Nc6 7. Bd3 Ba6 8. e4 Na5 9. Qe2 d6 10. Nf3 Qd7 11. O-O Qa4 12. e5 Nd7 13. exd6 cxd6 14.
Nd2 O-O 15. Rb1 Rab8 16. Ne4 Bxc4 17. Nxd6 Bxd3 18. Qxd3 Qc6 19. Ne4 Rbc8 20. Bf4 Nc4 21. Ra1 Rfd8 22. Qe2 Nf8 23. h4 Ng6 24. Bg3 Ne7 25.
h5 h6 26. Bh4 Rd7 27. Bxe7 Rxe7 28. Rfd1 Qd5 29. Rd3 Nd6 30. Nxd6 Qxd6 31. a4 Rec7 32. Qd2 Qd5 33. Rh3 Qa5 34. Ra3 Qg5 35. Qd1 Qa5 36. Qc1 Rc4 37. Qd2 Rxa4 38. Rxa4 Qxa4 39.
Rg3 Kf8 40. Qf4 Qd1+ 41. Kh2 Qxh5+ 42. Kg1 Qd5 43. c4 Qxc4 44. Qd6+ Ke8 45. Rxg7 f5 46.
Qe7# 1-0

[Event "*** SCC Grand Prix: Titled Tuesday Blitz"]
[Site "Chess.com"]
[Date "2020.10.06"]
[Round "7"]
[White "reutik"]
[Black "pastouche06"]
[Result "0-1"]
[WhiteElo "2203"]
[BlackElo "2481"]
[TimeControl "180+1"]
[EndTime "11:19:34 PDT"]
[Termination "pastouche06 won on time"]

1. d4 Nf6 2. c4 e6 3. Nf3 d5 4.
Nc3 dxc4 5. e3 a6 6. a4 c5 7. Bxc4 Nc6 8. O-O Be7 9. d5 exd5 10. Nxd5 Bg4 11. Qb3 Bxf3 12. gxf3 Nxd5 13. Bxd5 O-O 14. Rd1 Qc7 15. f4 Rad8 16. Bd2 Na5 17. Qa2 c4 18. Bxa5 Qxa5 19. Qxc4 b6 20. b3 Qc5 21. Qxc5 Bxc5 22. Bc4 a5 23. Kg2 Be7 24. Kf3 Rxd1 25. Rxd1 Rd8 26. Bd5 Kf8 27. e4 Bc5 28. h4 Ke7 29. h5 Rd6 30. Rg1 g6 31. hxg6 hxg6 32. Rh1 f5 33. Rh7+ Kf8 34. Rb7 fxe4+ 35. Kxe4 Rf6 36. f3 Bd6 37. Rxb6 Rxf4+ 38. Kd3 Bc5 39. Be4 Bxb6 0-1

[Event "*** SCC Grand Prix: Titled Tuesday Blitz"]
[Site "Chess.com"]
[Date "2020.10.06"]
[Round "7"]
[White "Das_Virus_2020"]
[Black "Chessbard1972"]
[Result "1-0"]
[WhiteElo "2385"]
[BlackElo "2262"]
[TimeControl "180+1"]
[EndTime "11:19:34 PDT"]
[Termination "Das_Virus_2020 won on time"]

1. e4 c5 2. Nc3 a6 3. f4 b5 4. Nf3 Bb7 5. d3 e6 6. Be2 Nf6 7. O-O b4 8. Nb1 d5 9. e5 Nfd7 10. d4 Nc6 11. Be3 Qb6 12. Kh1 cxd4 13. Nxd4 Bc5 14. c3 a5 15. f5 exf5 16. Rxf5 O-O 17. Nd2 a4 18. N2f3 a3 19. cxb4 Qxb4 20. bxa3 Qxa3 21. Bg1 Rae8 22. Rc1 Bxd4 23. Nxd4 Ncxe5 24. Nb5 Qxa2 25. Nd6 Rb8 26. Bd4 Ng6 27. Ra1 Qxa1 28.
Bxa1 Bc6 29. h4 Nxh4 30. Rh5 Ng6 31. Qd4 f6 32. Bd3 Nde5 33. Kh2 Rb3 34. Bf5 Kh8 35.
Be6 Rd3 36. Qc5 Rd1 37. Nf5 Rd8 38. Nd4 1-0

[Event "*** SCC Grand Prix: Titled Tuesday Blitz"]
[Site "Chess.com"]
[Date "2020.10.06"]
[Round "7"]
[White "Kacparov"]
[Black "Andreikka"]
[Result "0-1"]
[WhiteElo "2741"]
[BlackElo "2893"]
[TimeControl "180+1"]
[EndTime "11:19:35 PDT"]
[Termination "Andreikka won by resignation"]

1. e4 c5 2. Nf3 d6 3. d4 cxd4 4. Nxd4 Nf6 5. f3 e5 6. Nb3 d5 7. Bg5 dxe4 8. Qxd8+ Kxd8 9. fxe4 Nd7 10. Nc3 h6 11.
Bxf6+ Nxf6 12. Bc4 Be6 13. Bxe6 fxe6 14. a3 a6 15. Ke2 Kc7 16. Rad1 Be7 17. Rhf1 Rad8 18.
Rxd8 Rxd8 19. Rf3 b5 20. Rd3 Rf8 21. Nd2 Bc5 22. Nf3 Nd7 23. Nb1 Bd6 24. Nbd2 Nc5 25. Re3 Na4 26. b4 Nb6 27. c4 bxc4 28. Nxc4 Nxc4 29.
Rc3 Kd7 30. Rxc4 Ra8 31. Ne1 a5 32. Nd3 axb4 33. axb4 Ra2+ 34. Kf3 Ra3 35. Ke2 Ra2+ 36. Kf3 h5 37. Nc5+ Ke7 38. Nb7 Bb8 39. Rc8 Ba7 40.
Rc7+ Kf6 41. Nc5 g5 42. h3 g4+ 43. hxg4 Ra3+ 44. Ke2 hxg4 45. Nd7+ Kg5 46. Nxe5 Ra2+ 47.
Kd3 Bb8 48. Rc5 Ra3+ 49. Ke2 Kf4 50. Nd3+ Kxe4 51. Rc4+ Kf5 52. Rc5+ e5 53. b5 Ra2+ 54. Kf1 Rd2 55. Nb4 Ba7 56. Rc7 Bd4 57. Nc6 Be3 58.
Rf7+ Ke4 59. Re7 Bf4 60. b6 Ke3 61. g3 Kf3 62. Nxe5+ Kxg3 63. b7 Rb2 64. Ke1 Bxe5 65. Rxe5 Rxb7 66. Kf1 Rb1+ 0-1